 Dungeon Crawl Stone Soup version 0.23-a0-143-g1adec7bb76 (webtiles) character file.

3597 PikkenKukken the Cleaver (level 9, 0/81 HPs)
             Began as a Minotaur Berserker on Aug 30, 2018.
             Was a High Priest of Trog.
             Slain by an unseen horror (2 damage)
             ... on level 6 of the Dungeon on Sept 2, 2018.
             The game lasted 00:14:26 (5186 turns).

PikkenKukken the Cleaver (Minotaur Berserker)       Turns: 5186, Time: 00:14:27

Health: 0/81       AC:  9    Str: 25    XL:     9   Next: 85%
Magic:  0/10       EV:  7    Int:  4    God:    Trog [*****.]
Gold:   403        SH: 12    Dex: 10    Spells: 8/8 levels left

rFire    + . .     SeeInvis .   B - +0 war axe
rCold    + . .     Gourm    .   f - +1 shield
rNeg     . . .     Faith    .   E - -1 chain mail (curse)
rPois    .         Spirit   +   (helmet restricted)
rElec    .         Reflect  .   y - scarf {rC+ rF+}
rCorr    .         Harm     .   (no gloves)
MR       ++...                  (no boots)
Stlth    ..........             g - amulet of guardian spirit
HPRegen  0.23/turn              b - ring of protection from magic
MPRegen  0.12/turn              h - ring of protection from magic

@: no status effects
A: retaliatory headbutt, horns 2
a: Berserk, Trog's Hand, Brothers in Arms, Renounce Religion


You were on level 6 of the Dungeon.
You worshipped Trog.
Trog was extremely pleased with you.
You were hungry.

You visited 1 branch of the dungeon, and saw 8 of its levels.
You also visited: Ossuary.

You collected 403 gold pieces.

Inventory:

Hand Weapons
 a - a +1 hand axe
 u - a +2 whip of flaming
 B - a +0 war axe (weapon)
Armour
 f - a +1 shield (worn)
 n - a +0 chain mail
 y - a scarf of resistance (worn)
 E - a cursed -1 chain mail (worn)
Jewellery
 b - a ring of protection from magic (left hand)
 g - an amulet of guardian spirit (around neck)
 h - a ring of protection from magic (right hand)
 p - an uncursed ring of see invisible
Wands
 q - a wand of paralysis (12)
 F - a wand of scattershot (3)
Scrolls
 d - 4 scrolls of noise
 m - 2 scrolls of enchant weapon
 o - 2 scrolls of teleportation
 v - 3 scrolls of enchant armour
 x - a scroll of blinking
 A - a scroll of fog
Potions
 e - a potion of flight
 i - a potion of haste
 j - 2 potions of curing
 k - a potion of mutation {unknown}
 l - 6 potions of lignification {unknown}
 r - a potion of cancellation {unknown}
 s - a potion of berserk rage {unknown}
 t - 2 potions of brilliance {unknown}
 z - a potion of ambrosia {unknown}
 C - 2 potions of heal wounds {unknown}
 D - 2 potions of might
Comestibles
 c - 8 rations
 w - a chunk of flesh


   Skills:
 + Level 8.2 Fighting
 * Level 10.8 Axes
 + Level 7.6 Armour
 - Level 2.2 Dodging
 + Level 7.0 Shields
 + Level 3.4 Evocations


You had 8 spell levels left.
You didn't know any spells.
Your spell library was empty.

Dungeon Overview and Level Annotations

Branches:
Dungeon (8/15)             Temple (0/1) D:6
   Lair: D:8-11

Altars:
Dithmenos
Elyvilon
Trog
Vehumet
Wu Jian
Xom
Yredelemnul

Shops:
D:7 }


Innate Abilities, Weirdness & Mutations

You reflexively headbutt those who attack you in melee.
You have a pair of horns on your head.


Message History

Something hits you but does no damage.
Things that are here:
2 stones; a trident; an orc corpse Something hits you.
* * * LOW HITPOINT WARNING * * *
Items here: ( )) [[ †† You closely miss something.
Your headbutt misses something. Something hits you!
* * * LOW HITPOINT WARNING * * *
Unknown command.
You miss something.
An orc wizard appears from thin air!
Reactivating autopickup.
Something hits you but does no damage.
Deactivating autopickup; reactivate with Ctrl-A.
The orc wizard points at you and mumbles some strange words.
The magic dart hits you! You block something's attack. Something hits you.
* * * LOW HITPOINT WARNING * * *
Something hits you. x2
You die...

.........# #.## #...
........## #..# #..)
.........# ##.######...
.#####...####.....##...
##............#...
##................
#...........#.....
####...........##....
#(..@..........###...
#.###.........## #...
#(# ##...#...#####...
#(# ##########......
###(### #########.####.
###.))).###.........#
##
#.........###########
#....?.(.%..#
#...≈≈≈≈≈...#


There were no monsters in sight!

Vanquished Creatures
  Pikel (D:4)
  Psyche (D:8)
  Grinder (D:3)
  Sigmund (D:5)
  Eustachio (D:5)
  Edmund (D:4)
  Duvessa (D:5)
  An ice beast (D:6)
  2 orc warriors (D:6)
  5 ogres
  A phantom (D:6)
  A big kobold (D:7)
  A bullfrog (D:6)
  Dowan (D:5)
  3 water moccasin zombies (Ossuary)
  A scorpion (D:5)
  A bullfrog zombie (D:7)
  2 crimson imps
  A centaur skeleton (D:4)
  A jelly (D:4)
  A bullfrog skeleton (D:5)
  4 orc priests
  A hound (D:5)
  Ijyb (D:3)
  An orc wizard (D:6)
  4 iguanas
  5 worker ants
  A big kobold zombie (Ossuary)
  2 hound zombies
  2 mummies (Ossuary)
  A worker ant zombie (D:5)
  8 adders
  A shadow imp (D:6)
  An ooze (D:2)
  6 adder zombies
  7 worms
  2 dart slugs
  7 leopard geckos
  26 orcs
  6 giant cockroaches
  11 goblins
  A hobgoblin (D:1)
  9 jackals
  9 kobolds
  4 quokkas
  A ball python (D:1)
  3 bats (D:2)
  3 frilled lizards
  A giant cockroach zombie (D:6)
  4 gnoll zombies
  7 hobgoblin zombies (Ossuary)
  A jackal zombie (D:8)
  5 kobold zombies (Ossuary)
  6 orc zombies (Ossuary)
  7 rats
187 creatures vanquished.

Vanquished Creatures (others)
  Menkaure (D:4)
  A slave (D:4)
  An adder (D:5)
  A worm (D:5)
  2 orcs (D:4)
  A frilled lizard (D:4)
7 creatures vanquished.

Grand Total: 194 creatures vanquished

Notes
Turn   | Place    | Note
-------+----------+-------------------------------------------
     0 | D:1      | PikkenKukken the Minotaur Berserker began the quest for the
                  | Orb.
     0 | D:1      | Reached XP level 1. HP: 19/19 MP: 0/0
    30 | D:1      | Upgraded the game from 0.23-a0-139-ga22e90c45f to
                  | 0.23-a0-143-g1adec7bb76
   151 | D:1      | Reached XP level 2. HP: 16/27 MP: 1/1
   152 | D:1      | Reached skill level 4 in Axes
   931 | D:2      | Reached skill level 1 in Shields
  1068 | D:2      | Reached XP level 3. HP: 29/33 MP: 2/2
  1156 | D:2      | Reached ** piety under Trog
  1560 | D:3      | Found a shadowy altar of Dithmenos.
  1590 | D:3      | Noticed Grinder
  1605 | D:3      | Killed Grinder
  1605 | D:3      | Reached skill level 5 in Axes
  1605 | D:3      | Reached XP level 4. HP: 41/41 MP: 3/3
  1605 | D:3      | Reached XP level 5. HP: 47/47 MP: 4/4
  1605 | D:3      | Reached XP level 6. HP: 55/55 MP: 5/5
  1656 | D:3      | Reached skill level 6 in Axes
  1661 | D:3      | Reached skill level 5 in Fighting
  2148 | D:3      | Noticed a moth of wrath
  2292 | D:3      | Found a bloodstained altar of Trog.
  2457 | D:3      | Noticed Ijyb
  2475 | D:3      | Killed Ijyb
  2475 | D:3      | Reached XP level 7. HP: 61/61 MP: 6/6
  2895 | D:4      | Reached skill level 7 in Axes
  3006 | D:4      | Noticed Edmund
  3015 | D:4      | Killed Edmund
  3015 | D:4      | Reached skill level 5 in Armour
  3266 | D:4      | Noticed Pikel
  3282 | D:4      | Killed Pikel
  3282 | D:4      | Reached skill level 8 in Axes
  3282 | D:4      | Reached skill level 5 in Shields
  3282 | D:4      | Reached XP level 8. HP: 71/71 MP: 7/7
  3313 | D:4      | Killed Menkaure
  3489 | D:4      | Reached *** piety under Trog
  3666 | D:5      | Entered Level 5 of the Dungeon
  3666 | D:5      | Found a white marble altar of Elyvilon.
  3719 | D:5      | Noticed Duvessa
  3719 | D:5      | Noticed Dowan
  3729 | D:5      | Killed Duvessa
  3732 | D:5      | Killed Dowan
  3741 | D:5      | Found an ornate altar of the Wu Jian Council.
  3783 | D:5      | Reached skill level 1 in Evocations
  3786 | D:5      | Found a radiant altar of Vehumet.
  3918 | D:5      | Noticed Sigmund
  3921 | D:5      | Killed Sigmund
  3921 | D:5      | Reached skill level 9 in Axes
  3976 | D:5      | Found a sand-covered staircase.
  3983 | Ossuary  | Entered an ossuary
  4006 | Ossuary  | Reached XP level 9. HP: 73/79 MP: 9/9
  4099 | Ossuary  | Reached **** piety under Trog
  4217 | D:5      | Noticed Eustachio
  4225 | D:5      | Killed Eustachio
  4516 | D:6      | Found a staircase to the Ecumenical Temple.
  4614 | D:6      | Reached skill level 10 in Axes
  4682 | D:6      | Found a basalt altar of Yredelemnul.
  4885 | D:6      | You fall through a shaft for 2 floors!
  4885 | D:8      | Noticed Psyche
  4895 | D:8      | Killed Psyche
  4937 | D:7      | Found a shimmering altar of Xom.
  5030 | D:7      | Found Miorux's Gadget Boutique.
  5128 | D:6      | Reached ***** piety under Trog
  5184 | D:6      | HP: 2/81 [something (5)]
  5186 | D:6      | Slain by an unseen horror

Vault maps used:
D:1:      dpeg_arrival_chase, serial_park_tiny_pond, st_stairs_12
D:2:      wad_pebble_path, first_ration
D:3:      tgw_trog, lemuel_crystal_altar, uniq_ijyb, uniq_grinder
D:4:      uniq_pikel, uniq_edmund, uniq_menkaure
D:5:      vehumet_crystals, lemuel_doored_altar, kennysheep_mini_moat,
          lightli_ossuary_entry_decrepit_ruins, hangedman_decor_push,
          uniq_eustachio, uniq_sigmund, uniq_duvessa
D:6:      marbit_many_paths, lemuel_zombie_altar_yredelemnul,
          minmay_temple_entry_mist, grunt_potential
D:7:      lemuel_crystal_altar, serial_shops, shop_coins
D:8:      nicolae_overflow_crystal_walls, gammafunk_temple_overflow_forgotten,
          basic_altar, uniq_erica, uniq_harold, uniq_psyche
Ossuary:  ossuary_tomb_2

Skill      XL: |  1  2  3  4  5  6  7  8  9 |
---------------+----------------------------+-----
Axes           | 4 5 6 8 9 10 | 10.8
Shields        | 1 2 3 5 7 |  7.0
Fighting       | 4 5 6 7 8 |  8.2
Armour         | 4 5 6 7 |  7.6
Evocations     | 1 3 |  3.4
Dodging        | |  2.2

Action                   |  1- 3 |  4- 6 |  7- 9 || total
-------------------------+-------+-------+-------++-------
Melee: Hand axe          |    78 |    45 |   215 ||   338
       Headbutt          |    12 |    11 |    79 ||   102
       War axe           |       |    39 |   149 ||   188
Invok: Berserk           |     3 |     4 |     9 ||    16
       Trog's Hand       |       |       |     2 ||     2
  Use: Scroll            |    10 |     1 |     8 ||    19
       Potion            |       |       |     1 ||     1
  Eat: Chunk             |     4 |     6 |    15 ||    25
       Ration            |       |       |     1 ||     1
Armor: Animal skin       |     3 |       |       ||     3
       Ring mail         |    15 |    11 |       ||    26
       Chain mail        |       |     7 |    99 ||   106
Dodge: Dodged            |    21 |    19 |    68 ||   108
Block: Shield            |    34 |    36 |   179 ||   249

Table legend:
 A = Non-vault XP
 B = Vault XP
 C = Vault XP percentage of total XP
 D = Non-vault monster count
 E = Vault monster count
 F = Vault count percentage of total count
                 A         B        C        D         E       F
            +---------+---------+-------+---------+---------+-------
      Total |    2321 |    2818 |  54.8 |     127 |      60 |  32.1
            +---------+---------+-------+---------+---------+-------
        D:1 |      27 |       2 |   6.9 |      17 |       1 |   5.6
        D:2 |      45 |       0 |   0.0 |      16 |       0 |   0.0
        D:3 |     342 |     365 |  51.6 |      30 |       7 |  18.9
        D:4 |     270 |     805 |  74.9 |      15 |       2 |  11.8
        D:5 |     462 |     637 |  58.0 |      14 |       4 |  22.2
        D:6 |     828 |     243 |  22.7 |      27 |      14 |  34.1
        D:7 |     341 |       0 |   0.0 |       6 |       0 |   0.0
        D:8 |       6 |     424 |  98.6 |       2 |       1 |  33.3
    Ossuary |       0 |     342 | 100.0 |       0 |      31 | 100.0
            +---------+---------+-------+---------+---------+-------
